 Dungeon Crawl Stone Soup version 0.20-a0-1109-ge3cd172 (webtiles) character file.

5156 JeffiDaFish the Basher (level 10, 0/64 HPs)
             Began as a Gargoyle Fighter on May 5, 2017.
             Was a Follower of Okawaru.
             Slain by Psyche
             ... wielding a +3 dagger of chaos
              (8 damage)
             ... on level 9 of the Dungeon.
             The game lasted 00:21:25 (6553 turns).

JeffiDaFish the Basher (Gargoyle Fighter)           Turns: 6553, Time: 00:21:26

Health: 0/64       AC:  0    Str: 20    XL:     10   Next: 59%
Magic:  15/15      EV: 24    Int: 11    God:    Okawaru [*.....]
Gold:   326        SH:  0    Dex: 17    Spells: 16/16 levels left

rFire    . . .     SeeInvis .   (weapon currently unavailable)
rCold    . . .     Gourm    +   (shield currently unavailable)
rNeg     + . .     Faith    .   (armour currently unavailable)
rPois    ∞         Spirit   .   (helmet currently unavailable)
rElec    .         Reflect  .   (cloak currently unavailable)
rCorr    .         Harm     .   (gloves currently unavailable)
MR       .....                  (boots currently unavailable)
Stlth    ++........             r - amulet of the gourmand
Regen    0.2/turn               (ring currently unavailable)
MPRegen  0.2/turn               (ring currently unavailable)

@: bat-form, flying, slowed, quick
A: blink, clever 1, negative energy resistance 1, petrification resistance, rot
immunity, AC +7
a: Blink, Heroism, Renounce Religion


You were on level 9 of the Dungeon.
You worshipped Okawaru.
Okawaru was aware of your devotion.
You were completely stuffed.
You were in bat-form.
You visited 2 branches of the dungeon, and saw 10 of its levels.

You collected 326 gold pieces.

Inventory:

Hand Weapons
 y - a +2 whip of freezing (melded)
Armour
 c - a +0 shield (melded)
 e - a +1 pair of gloves (melded)
 i - a +1 helmet (melded)
 o - a +0 chain mail (melded)
 p - a +2 pair of boots (melded)
 t - a cursed +0 cloak (melded)
Jewellery
 k - a ring of resist corrosion (melded)
 r - an amulet of the gourmand (around neck)
 v - the ring "Cose" (melded) {*Tele rN+ Int+2 Dex+2}
   (You found it on level 6 of the Dungeon)

   [ring of teleportation]

   It may teleport you next to monsters.
   It affects your intelligence (+2).
   It affects your dexterity (+2).
   It protects you from negative energy.
 x - a +2 ring of protection
 z - an uncursed ring of protection from fire
Wands
 g - a wand of iceblast (0/15)
Scrolls
 d - 3 scrolls of remove curse
 j - 2 scrolls of magic mapping
 w - 2 scrolls of teleportation
Potions
 b - 2 potions of heal wounds
 n - 3 potions of brilliance
 s - a potion of curing
 u - a potion of haste
Comestibles
 f - 10 bread rations
 h - 9 fruits
 m - 3 meat rations
 q - 4 royal jellies


   Skills:
 + Level 8.1 Fighting
 + Level 9.4 Maces & Flails
 + Level 7.7 Armour
 + Level 5.4 Dodging
 + Level 1.0 Stealth
 + Level 8.8 Shields
 + Level 3.8 Spellcasting
 + Level 0.5 Evocations


You had 16 spell levels left.
You didn't know any spells.

Dungeon Overview and Level Annotations

Branches:
Dungeon (9/15)             Temple (1/1) D:7
   Lair: D:8-11         Orc: D:9-12

Altars:
Ashenzari
Cheibriados
Dithmenos
Fedhas
Gozag
Makhleb
Nemelex Xobeh
Okawaru
Qazlal
Ru
Sif Muna
Trog
Uskayaw
Vehumet
Wu Jian
Xom
The Shining One

Shops:
D:5 [   D:7 (

Annotations:
D:9 Psyche


Innate Abilities, Weirdness & Mutations

You are resistant to torment.
((Your stone body is resilient. (AC +7)))
You are immune to poison.
You resist negative energy. (rN+)
((You are resistant to electric shocks. (rElec)))
((You can survive without breathing.))
You are immune to petrification.
You are immune to rotting.
You can translocate small distances at will.
Your mind is acute. (Int +2)
((Your flesh is cold resistant. (rC+)))


Message History

Your +1 pair of gloves melds into your body.
Your +2 pair of boots melds into your body.
Your +0 shield melds into your body.
Your +0 chain mail melds into your body.
Your ring of resist corrosion melds into your body.
The ring "Cose" {*Tele rN+ Int+2 Dex+2} melds into your body.
Your +2 whip of freezing stops glowing.
Something barely misses you. The phantom completely misses you.
You closely miss something.
You hear some strange, mumbled words.
A puff of flame appears from out of thin air!
The puff of flame misses you.
The puff of flame hits the phantom.
The phantom hits you. Something closely misses you.
You hit something. The phantom barely misses you. Something hits you!
Something freezes you.
You hit something. Something closely misses you. The phantom misses you.
Something hits you!
* * * LOW HITPOINT WARNING * * *
Something burns you!
You die...

.# .#
..##########.####
.......#Wo.......
#.b#)#..####
.##{##o##.#
......o{...#
..##.##o#<.# ..#
#. #.#)..# . #.
....#.#
..##.#.#.# .#
#.#.# # #....


You could see a phantom and an orc.

Vanquished Creatures
  Pikel (D:7)
  A troll (D:7)
  Sigmund (D:4)
  Eustachio (D:4)
  A water moccasin (D:6)
  A black bear (D:8)
  2 ice beasts
  A necrophage (D:5)
  2 sky beasts
  An ogre (D:4)
  3 centaurs
  A crocodile (D:7)
  Blork the orc (D:4)
  3 bullfrogs
  A scorpion (D:9)
  4 howler monkeys (D:8)
  A crimson imp (D:5)
  A bullfrog zombie (D:7)
  2 bullfrog skeletons
  A quasit (D:7)
  A centaur zombie (D:6)
  3 hounds
  2 jellies
  5 orc priests
  Crazy Yiuf (D:5)
  2 centaur skeletons
  9 orc wizards
  6 worker ants
  2 hound zombies
  A hound skeleton (D:6)
  2 worker ant zombies
  Robin (D:4)
  7 gnolls
  A howler monkey skeleton (D:7)
  11 adders
  2 shadow imps (D:7)
  A worm (D:2)
  6 leopard geckos
  28 orcs
  4 bats
  A giant cockroach (D:1)
  12 goblins
  10 hobgoblins
  8 jackals
  7 kobolds
  3 quokkas
  7 ball pythons
  2 frilled lizards
  A jackal zombie (D:8)
  2 rats
178 creatures vanquished.

Vanquished Creatures (others)
  A necrophage (D:7)
  An adder (D:7)
  2 fungi (D:4)
4 creatures vanquished.

Grand Total: 182 creatures vanquished

Notes
Turn   | Place    | Note
-------+----------+-------------------------------------------
     0 | D:1      | JeffiDaFish the Gargoyle Fighter began the quest for the Orb.
     0 | D:1      | Reached XP level 1. HP: 14/14 MP: 1/1
   138 | D:1      | Reached XP level 2. HP: 17/19 MP: 2/2
   558 | D:2      | Reached XP level 3. HP: 21/24 MP: 3/3
   684 | D:2      | Gained mutation: You can translocate small distances at will. [potion of mutation]
   684 | D:2      | Gained mutation: Your flesh is cold resistant. (rC+) [potion of mutation]
   684 | D:2      | Gained mutation: Your mind is acute. (Int +2) [potion of mutation]
   779 | D:2      | Found a snail-covered altar of Cheibriados.
   834 | D:2      | Found a faded altar of an unknown god.
  1161 | D:2      | Reached XP level 4. HP: 28/29 MP: 4/4
  1248 | D:2      | Found a bloodstained altar of Trog.
  1353 | D:3      | Reached skill level 3 in Maces & Flails
  1577 | D:3      | Reached XP level 5. HP: 14/33 MP: 5/5
  2186 | D:4      | Noticed Sigmund
  2192 | D:4      | Killed Sigmund
  2192 | D:4      | Reached skill level 4 in Maces & Flails
  2192 | D:4      | Reached XP level 6. HP: 37/38 MP: 6/6
  2242 | D:4      | Found a blossoming altar of Fedhas.
  2351 | D:4      | Noticed Robin
  2389 | D:4      | Killed Robin
  2578 | D:4      | Noticed Eustachio
  2597 | D:4      | Reached skill level 5 in Shields
  2607 | D:4      | HP: 1/39 [orc priest/divine providence (15)]
  2608 | D:4      | Killed Eustachio
  2608 | D:4      | Reached skill level 1 in Stealth
  2608 | D:4      | Reached XP level 7. HP: 1/44 MP: 7/7
  2608 | D:4      | Reached skill level 5 in Maces & Flails
  2615 | D:4      | HP: 1/44 [shot self (1)]
  2950 | D:4      | Reached skill level 1 in Dodging
  3007 | D:4      | Found a sacrificial altar of Ru.
  3042 | D:4      | Noticed Blork the orc
  3057 | D:4      | Killed Blork the orc
  3238 | D:4      | Reached XP level 8. HP: 41/48 MP: 8/8
  3278 | D:5      | Entered Level 5 of the Dungeon
  3456 | D:5      | Reached skill level 6 in Maces & Flails
  3492 | D:5      | Reached skill level 5 in Fighting
  3532 | D:5      | Found a runed door.
  3536 | D:5      | Noticed Crazy Yiuf
  3542 | D:5      | Killed Crazy Yiuf
  3658 | D:5      | Found Xoucaugoha's Antique Armour Boutique.
  3675 | D:5      | Reached skill level 5 in Armour
  4019 | D:6      | Reached skill level 7 in Maces & Flails
  4044 | D:6      | Reached skill level 8 in Maces & Flails
  4044 | D:6      | Reached skill level 5 in Dodging
  4044 | D:6      | Reached XP level 9. HP: 49/57 MP: 8/14
  4596 | D:6      | Got a crude golden ring
  4613 | D:6      | Identified the ring "Cose" {*Tele rN+ Int+2 Dex+2} (You found it on level 6 of the Dungeon)
  4746 | D:7      | Noticed a troll
  4772 | D:7      | Killed a troll
  4772 | D:7      | Reached XP level 10. HP: 41/63 MP: 15/15
  4791 | D:7      | Reached skill level 9 in Maces & Flails
  4891 | D:7      | Found Elasogu's Antique Weapon Shoppe.
  5026 | D:7      | Found a staircase to the Ecumenical Temple.
  5030 | Temple   | Entered the Ecumenical Temple
  5081 | Temple   | Became a worshipper of Warmaster Okawaru
  5298 | D:7      | Noticed Pikel
  5331 | D:7      | Killed Pikel
  5337 | D:7      | Upgraded the game from 0.20-a0-1103-g26be02c to 0.20-a0-1109-ge3cd172
  5553 | D:7      | Reached * piety under Okawaru
  6210 | D:8      | Found a shimmering altar of Xom.
  6496 | D:9      | Noticed Psyche
  6553 | D:9      | Slain by Psyche

Vault maps used:
D:1:      dpeg_arrival_simpleton_b, serial_glass, glass_columns_c,
          glass_columns_b, glass_columns_c, glass_columns_b, glass_columns_a,
          st_stairs_13
D:2:      kennysheep_big_flooded_room, cheibriados_altar_1,
          lightli_temple_of_fire, chequers_ecumenical_altar_simple
D:3:      minmay_cut_off
D:4:      fedhas_altar_3, first_bread, nicolae_ru_the_path_less_chosen,
          uniq_eustachio, uniq_sigmund, uniq_blork_the_orc, uniq_robin
D:5:      serial_shops, nicolae_shop_waterfront, uniq_crazy_yiuf_cottage
D:7:      minmay_temple_entry_glassed_door, serial_shops, shop, uniq_pikel
D:8:      old_standard_altar
D:9:      marbit_many_paths, zin_statuary, dpeg_oklobed_lair, uniq_maurice,
          uniq_psyche, uniq_erolcha
Temple:   nicolae_temple_elliptical

Skill      XL: |  1  2  3  4  5  6  7  8  9 10 |
---------------+-------------------------------+-----
Maces & Flails | 3 4 5 8 9 |  9.4
Shields        | 4 5 8 |  8.8
Armour         | 4 7 |  7.7
Fighting       | 4 7 8 |  8.1
Stealth        | 1 |  1.0
Dodging        | 1 5 |  5.4
Spellcasting   | 3 |  3.8
Evocations     | |  0.5

Action                   |  1- 3 |  4- 6 |  7- 9 | 10-12 || total
-------------------------+-------+-------+-------+-------++-------
Melee: Flail             |    94 |   200 |   297 |    96 ||   687
       Whip              |       |       |       |   213 ||   213
       Unarmed           |       |       |       |     3 ||     3
Evoke: Wand              |       |     2 |     3 |       ||     5
  Use: Potion            |     4 |     4 |     4 |     1 ||    13
       Scroll            |     8 |     3 |     2 |     1 ||    14
 Stab: Invisible         |     1 |     2 |       |       ||     3
  Eat: Chunk             |     1 |    21 |     8 |     6 ||    36
Armor: Scale mail        |    59 |    16 |       |       ||    75
       Chain mail        |       |    89 |   183 |   139 ||   411
Dodge: Dodged            |    42 |    47 |    95 |    77 ||   261
Block: Shield            |    64 |   116 |   156 |   135 ||   471
